 Dungeon Crawl Stone Soup version 0.25-a0-661-g55ea3d2053 (webtiles) character file.

Game seed: 1928320631387629335, levelgen mode: deterministic

549 n0claF the Cleaver (level 7, -2/62 HPs)
             Began as a Hill Orc Monk on Mar 23, 2020.
             Was a Believer of Beogh.
             Slain by a hippogriff (4 damage)
             ... on level 6 of the Dungeon.
             The game lasted 00:15:31 (5036 turns).

n0claF the Cleaver (Hill Orc Monk)                  Turns: 5036, Time: 00:15:32

Health: -2/62      AC: 10    Str: 16    XL:     7   Next: 28%
Magic:  7/7        EV: 10    Int: 10    God:    Beogh [**....]
Gold:   260        SH:  0    Dex: 13    Spells: 6/6 levels left

rFire    . . .     SeeInvis .   w - +1 short sword (vamp) {!w}
rCold    . . .     Gourm    .   (no shield)
rNeg     . . .     Faith    .   r - +0 scale mail
rPois    .         Spirit   .   h - +0 helmet
rElec    .         Reflect  .   (no cloak)
rCorr    .         Harm     .   t - +0 pair of gloves
MR       .....                  u - +0 pair of boots
Stlth    ..........             (no amulet)
HPRegen  0.20/turn              q - ring of flight
MPRegen  0.10/turn              (no ring)

@: stab
A: no striking features
a: Smiting, Renounce Religion, Evoke Flight


You were on level 6 of the Dungeon.
You worshipped Beogh.
Beogh was pleased with you.
You were not hungry.

You visited 1 branch of the dungeon, and saw 6 of its levels.

You collected 260 gold pieces.

Inventory:

Hand Weapons
 a - a +0 hand axe
 w - a +1 vampiric short sword (weapon) {!w}
   (You found it on level 1 of the Dungeon)
 x - a +0 dagger of venom
   (You found it on level 3 of the Dungeon)
Armour
 b - a +0 robe
 g - a +0 chain mail
   (You found it on level 1 of the Dungeon)
 h - a +0 helmet (worn)
   (You found it on level 1 of the Dungeon)
 r - a +0 scale mail (worn)
   (You found it on level 2 of the Dungeon)
 t - a +0 pair of gloves (worn)
   (You found it on level 2 of the Dungeon)
 u - a +0 pair of boots (worn)
   (You found it on level 1 of the Dungeon)
Jewellery
 p - an uncursed ring of resist corrosion {unknown}
   (You found it on level 4 of the Dungeon)
 q - a ring of flight (left hand)
   (You found it on level 2 of the Dungeon)
 z - an uncursed ring of wizardry {unknown}
   (You found it on level 5 of the Dungeon)
 B - an uncursed amulet of guardian spirit {unknown}
   (You found it on level 5 of the Dungeon)
Wands
 c - a wand of disintegration (14) {!d}
   (You found it on level 5 of the Dungeon)
 d - a wand of iceblast (6)
   (You found it on level 3 of the Dungeon)
 C - a wand of enslavement (12)
   (You found it on level 5 of the Dungeon)
Scrolls
 i - 5 scrolls of identify {@r1}
 k - a scroll of random uselessness {unknown}
 l - 3 scrolls of immolation {!r}
 m - a scroll of teleportation {@r4}
 v - a scroll of remove curse {@r2}
 y - a scroll of enchant armour {unknown}
 D - a scroll of fear {unknown}
Potions
 f - a potion of haste {unknown}
 j - a potion of flight
 n - a potion of mutation {unknown}
 o - a potion of stabbing
 A - a potion of curing {@q1}
Comestibles
 e - 10 rations {!d}


   Skills:
 + Level 5.7 Fighting
 * Level 8.1 Axes
 + Level 3.8 Armour
 - Level 2.4 Dodging
 - Level 1.5 Stealth


You had 6 spell levels left.
You didn't know any spells.
Your spell library was empty.

Dungeon Overview and Level Annotations

Branches:
Dungeon (6/15)
 Temple: D:4-7

Altars:
Ashenzari
Dithmenos
Elyvilon
Fedhas
Nemelex Xobeh
Qazlal
Sif Muna
Xom
Yredelemnul
Zin

Shops:
D:4 (


Message History

You hit the hippogriff. The hippogriff closely misses you.
The hippogriff barely misses you. The hippogriff claws you.
* * * LOW HITPOINT WARNING * * *
Your scale mail prevents you from hitting the hippogriff.
The hippogriff bites you but does no damage.
The hippogriff pecks you but does no damage.
The hippogriff closely misses you.
You hit the hippogriff. The hippogriff closely misses you.
The hippogriff pecks you.
* * * LOW HITPOINT WARNING * * *
The hippogriff barely misses you.
You hit the hippogriff. The hippogriff bites you!
* * * LOW HITPOINT WARNING * * *
The hippogriff closely misses you. The hippogriff misses you.
You feel better. The hippogriff barely misses you.
The hippogriff pecks you but does no damage.
The hippogriff claws you.
* * * LOW HITPOINT WARNING * * *
It was a potion of heal wounds.
You feel much better. The hippogriff bites you!
* * * LOW HITPOINT WARNING * * *
The hippogriff pecks you but does no damage.
The hippogriff claws you.
* * * LOW HITPOINT WARNING * * *
You barely miss the hippogriff.
The hippogriff bites you but does no damage.
The hippogriff pecks you but does no damage.
The hippogriff claws you but does no damage.
You hit the hippogriff.
You feel better. The hippogriff completely misses you.
The hippogriff pecks you.
* * * LOW HITPOINT WARNING * * *
The hippogriff claws you.
* * * LOW HITPOINT WARNING * * *
You closely miss the hippogriff. The hippogriff bites you.
* * * LOW HITPOINT WARNING * * *
The hippogriff closely misses you.
The hippogriff claws you but does no damage.
You barely miss the hippogriff. The hippogriff bites you.
* * * LOW HITPOINT WARNING * * *
The hippogriff misses you. The hippogriff barely misses you.
You hit the hippogriff. The hippogriff barely misses you.
The hippogriff pecks you.
* * * LOW HITPOINT WARNING * * *
The hippogriff claws you but does no damage.
You hit the hippogriff but do no damage.
The hippogriff bites you but does no damage.
The hippogriff barely misses you. x2; The hippogriff bites you.
* * * LOW HITPOINT WARNING * * *
The hippogriff pecks you but does no damage.
The hippogriff claws you.
You die...

..................
######.....#......
#..........#
#>....#.##.#
##.#.....#.##
#.#...#..... #
#.##(...#.## .. #.
#.#.## .. ###.#
#@#.# #.....##H#.#
#.O.....O#.#
......#### #....
...< ###


You could see a hippogriff and an ogre.

Vanquished Creatures
  2 ogres
  A hound (D:5)
  4 worker ants
  Ijyb (D:3)
  A hound zombie (D:6)
  A hound skeleton (D:5)
  Robin (D:2)
  7 adders
  A river rat (D:4)
  2 oozes
  2 worms
  2 dart slugs (D:2)
  6 leopard geckos
  2 orcs (D:3)
  A ball python (D:1)
  7 bats
  4 giant cockroaches
  17 goblins
  8 hobgoblins
  7 jackals (D:4)
  9 kobolds
  3 quokkas
  9 frilled lizards
  4 rats
102 creatures vanquished.

Vanquished Creatures (others)
  An orc priest (D:3)
  8 orcs (D:3)
  A goblin (D:3)
  A hobgoblin (D:3)
  A rat (D:3)
12 creatures vanquished.

Grand Total: 114 creatures vanquished

Notes
Turn   | Place    | Note
-------+----------+-------------------------------------------
     0 | D:1      | n0claF the Hill Orc Monk began the quest for the Orb.
     0 | D:1      | Reached XP level 1. HP: 19/19 MP: 1/1
    97 | D:1      | Reached XP level 2. HP: 22/27 MP: 2/2
   316 | D:1      | Reached skill level 1 in Armour
   750 | D:2      | Reached XP level 3. HP: 33/33 MP: 3/3
   823 | D:2      | Found a stormy altar of Qazlal.
   824 | D:2      | Found a blossoming altar of Fedhas.
   882 | D:2      | Noticed a sky beast
   906 | D:2      | Reached skill level 5 in Axes
  1216 | D:2      | Noticed Robin
  1218 | D:2      | Reached XP level 4. HP: 40/40 MP: 4/4
  1306 | D:2      | Killed Robin
  1642 | D:2      | Found a white marble altar of Elyvilon.
  1715 | D:3      | Reached XP level 5. HP: 23/47 MP: 5/5
  1929 | D:3      | Found a shattered altar of Ashenzari.
  1980 | D:3      | Became a worshipper of Beogh the Brigand
  1980 | D:3      | Reached * piety under Beogh
  1980 | D:3      | Reached ** piety under Beogh
  1995 | D:3      | Reached skill level 6 in Axes
  2312 | D:3      | Noticed Ijyb
  2319 | D:3      | Paralysed by Ijyb for 7 turns
  2381 | D:3      | Killed Ijyb
  2498 | D:3      | Found a basalt altar of Yredelemnul.
  2600 | D:4      | Found Faofoc's Weapon Emporium.
  2635 | D:4      | Found a sparkling altar of Nemelex Xobeh.
  2637 | D:4      | Found a shadowy altar of Dithmenos.
  2727 | D:4      | Noticed an ogre
  2741 | D:4      | Killed an ogre
  2741 | D:4      | Reached skill level 5 in Fighting
  2741 | D:4      | Reached XP level 6. HP: 48/56 MP: 6/6
  2757 | D:4      | Reached skill level 7 in Axes
  3500 | D:5      | Entered Level 5 of the Dungeon
  3590 | D:5      | Found a glowing silver altar of Zin.
  3590 | D:5      | Noticed an angel
  3592 | D:5      | Found a shimmering altar of Xom.
  3893 | D:5      | Reached XP level 7. HP: 48/61 MP: 7/7
  4144 | D:5      | Reached skill level 8 in Axes
  4224 | D:5      | Found a shimmering blue altar of Sif Muna.
  5006 | D:6      | Noticed a hippogriff
  5036 | D:6      | HP: 2/62 [hippogriff (5)]
  5036 | D:6      | Slain by a hippogriff

Levels and vault maps discovered:
D:1:      minmay_arrival_three_doors, layout_rooms,
          chequers_serial_rivers_micro_e
D:2:      layout_rooms, marbit_many_paths,
          grunt_temple_overflow_forces_of_nature, serial_park_tiny_2,
          lightli_corner_chamber, uniq_robin
D:3:      layout_loops_ring, nicolae_ashenzari_panopticon, lemuel_crystal_altar,
          first_ration, uniq_ijyb
D:4:      layout_gridville, grunt_temple_overflow_open, serial_shops, shop,
          gup_sewer_entry_spiral
D:5:      layout_layer_cave, grunt_temple_overflow_order_and_chaos_1,
          led_sif_pool
D:6:      layout_loops_ring, gammafunk_ghost_arena, serial_shops, shop_coins,
          shop, kennysheep_mini_moat

Skill      XL: |  1  2  3  4  5  6  7 |
---------------+----------------------+-----
Armour         | 1 2 3 |  3.8
Fighting       | 4 5 |  5.7
Axes           | 5 6 7 8 |  8.1
Dodging        | |  2.4
Stealth        | |  1.5

Action                   |  1- 3 |  4- 6 |  7- 9 || total
-------------------------+-------+-------+-------++-------
Melee: Hand axe          |    37 |       |       ||    37
       Short sword       |   117 |   485 |    37 ||   639
Invok: Convert to Beogh  |       |     1 |       ||     1
  Use: Potion            |       |     1 |     3 ||     4
       Scroll            |       |     8 |       ||     8
 Stab: Sleeping          |     1 |       |       ||     1
  Eat: Chunk             |     1 |    10 |       ||    11
       Ration            |       |       |     1 ||     1
Armor: Robe              |    14 |       |       ||    14
       Chain mail        |    96 |    63 |       ||   159
       Scale mail        |       |   246 |    31 ||   277
Dodge: Dodged            |    86 |   334 |    36 ||   456

Table legend:
 A = Non-vault XP
 B = Vault XP
 C = Vault XP percentage of total XP
 D = Non-vault monster count
 E = Vault monster count
 F = Vault count percentage of total count
                 A         B        C        D         E       F
            +---------+---------+-------+---------+---------+-------
      Total |     666 |     119 |  15.2 |      79 |      23 |  22.5
            +---------+---------+-------+---------+---------+-------
        D:1 |      33 |       0 |   0.0 |      16 |       0 |   0.0
        D:2 |      80 |      40 |  33.3 |      25 |      14 |  35.9
        D:3 |      56 |      35 |  38.5 |      18 |       1 |   5.3
        D:4 |     231 |      44 |  16.0 |      14 |       8 |  36.4
        D:5 |     246 |       0 |   0.0 |       5 |       0 |   0.0
        D:6 |      20 |       0 |   0.0 |       1 |       0 |   0.0
            +---------+---------+-------+---------+---------+-------
